 Dungeon Crawl Stone Soup version 0.17-a0-957-ga3519be (webtiles) character file.

128 dirtyvader the Ducker (level 4, -1/44 HPs)
             Began as a Troll Berserker on May 7, 2015.
             Slain by a polar bear (12 damage)
             ... created by the rage of Trog
             ... on level 3 of the Dungeon.
             The game lasted 00:15:27 (2934 turns).

dirtyvader the Ducker (Troll Berserker)             Turns: 2934, Time: 00:15:28

Health: -1/44      AC:  7    Str: 31    XL:     4   Next: 87%
Magic:  3/3        EV: 10    Int:  3    God:    Xom [..*...]
Gold:   155        SH:  0    Dex:  9    Spells: 0 memorised, 3 levels left

rFire  . . .     SeeInvis .     i - +1 short sword (venom)
rCold  . . .     Clarity  .     b - +0 animal skin
rNeg   . . .     SustAb   .     (no shield)
rPois  +         Gourm    +     (helmet restricted)
rElec  .         Spirit   .     A - +1 cloak {rPois}
rCorr  .         Warding  .     (gloves unavailable)
rMut   .         Stasis   .     (boots unavailable)
MR     .....                    (no amulet)
Stlth  +.........               (no ring)
                                (no ring)

@: mighty, not resistant to hostile enchantments, very unstealthy
A: unfitting armour, claws 3, fast metabolism 3, gourmand, regeneration 2,
shaggy fur 1, tough skin 2
a: Renounce Religion


You were on level 3 of the Dungeon.
You worshipped Xom.
You were a toy of Xom.
You were not hungry.

You visited 1 branch of the dungeon, and saw 3 of its levels.

You collected 155 gold pieces.

Inventory:

Hand weapons
 a - a +0 mace
 e - a +0 hand axe
 f - a cursed -3 club
 i - a +1 short sword of venom (weapon)
 l - a +0 club
 n - a +0 club
 o - a +0 club
 s - a +0 club
 x - a +0 short sword
 y - a +0 dagger
 z - a +0 club
 C - a cursed -3 spear
 F - a +0 dagger
 G - a +0 whip
 I - a +0 dagger
 K - a +0 club
 M - a +0 falchion
 Q - a +0 short sword
Missiles
 h - 80 stones (quivered)
 O - 17 bolts
 P - 7 tomahawks
Armour
 b - a +0 animal skin (worn)
 w - a +0 leather armour
 A - a +1 cloak of poison resistance (worn)
 B - a cursed +0 pair of gloves
Magical devices
 H - a wand of random effects (14)
Scrolls
 d - a scroll of enchant armour {unknown}
 g - a scroll of remove curse {unknown}
 k - 2 scrolls of immolation {unknown}
 q - 4 scrolls of identify {unknown}
 r - a scroll of enchant weapon {unknown}
 t - a scroll of noise {unknown}
 v - a scroll of teleportation {unknown}
 E - a scroll of fear {unknown}
Potions
 j - a potion of curing {unknown}
 p - a potion of heal wounds {unknown}
 D - a potion of ambrosia {unknown}
 J - a potion of degeneration {unknown}
 L - 2 potions of brilliance {unknown}
 N - a potion of might {unknown}
Comestibles
 c - 4 bread rations
 m - a beef jerky
 u - a meat ration
 R - a chunk of flesh


   Skills:
 + Level 2.9 Fighting
 + Level 0.5 Short Blades
 + Level 3.3 Maces & Flails
 + Level 3.8 Dodging
 + Level 0.1 Stealth


You had 3 spell levels left.
You didn't know any spells.

Dungeon Overview and Level Annotations

Branches:
Dungeon (3/15)

Altars:
Ashenzari
Fedhas
Kikubaaqudgha
Ru
Xom
Zin


Innate Abilities, Weirdness & Mutations

You are too large for most types of armour.
You have claws for hands.
Your metabolism is lightning-fast.
You like to eat raw meat.
You heal very quickly.
You are covered in fur (AC +1).
You have very tough skin (AC +2).


Message History

Xom grants you a minor favour.
You feel very mighty all of a sudden. The black bear bites you!
The black bear claws you but does no damage.
The black bear barely misses you. The polar bear bites you!
The polar bear claws you.
* * * LOW HITPOINT WARNING * * *
The polar bear claws you but does no damage.
The black bear rages.
The polar bear bites you.
* * * LOW HITPOINT WARNING * * *
The polar bear claws you but does no damage.
The polar bear barely misses you. The black bear bites you!
You die... "Leave my toy alone!"
Xom revives you! The black bear closely misses you.
The black bear barely misses you. The polar bear bites you!
You die...
Xom laughs nastily!

#####.....#.##..............
#...'.....'.................
#####.....#.##..#....###....
#.....#..........####.##
#....>#...............#
#.....#..####....######
#.##'##..# #....#
#######.##.##..####....#
#............@h.hh........
#######.##....h......######
#.##....h........#######
#.......................
#.#####.######.######### ###
### ###


You could see 3 polar bears and 2 black bears.

Vanquished Creatures
  6 adders
  A river rat (D:3)
  3 worms (D:3)
  4 giant geckos
  2 orcs (D:3)
  3 bats
  6 giant cockroaches
  4 hobgoblins
  2 giant newts
  6 goblins
  11 kobolds
  3 quokkas
  5 rats
56 creatures vanquished.

Notes
Turn   | Place    | Note
--------------------------------------------------------------
     0 | D:1      | dirtyvader, the Troll Berserker, began the quest for the Orb.
     0 | D:1      | Reached XP level 1. HP: 22/22 MP: 0/0
   236 | D:1      | Reached XP level 2. HP: 29/29 MP: 1/1
   244 | D:1      | Reached skill level 3 in Maces & Flails
   718 | D:2      | Found a sacrificial altar of Ru.
  1068 | D:2      | Found a shattered altar of Ashenzari.
  1147 | D:2      | Reached XP level 3. HP: 34/36 MP: 2/2
  1197 | D:2      | Acquired Trog's second power
  1209 | D:2      | Found an ancient bone altar of Kikubaaqudgha.
  1633 | D:3      | Found a shimmering altar of Xom.
  1646 | D:3      | Fell from the grace of Trog
  1646 | D:3      | Became a worshipper of Xom of Chaos
  1727 | D:3      | Found a blossoming altar of Fedhas.
  1953 | D:3      | Reached XP level 4. HP: 44/44 MP: 3/3
  2112 | D:3      | XOM is BORED!
  2112 | D:3      | XOM: harmless Ice miscast
  2149 | D:3      | XOM: mild Trmt miscast
  2209 | D:3      | XOM: divination: detect items
  2222 | D:3      | XOM: harmless Summ miscast
  2223 | D:3      | XOM: divination: detect items
  2366 | D:3      | XOM: scenery: 1 doors close
  2546 | D:3      | Found a glowing silver altar of Zin.
  2932 | D:3      | Noticed a polar bear
  2932 | D:3      | Noticed a polar bear
  2932 | D:3      | Noticed a black bear
  2932 | D:3      | Noticed a polar bear
  2932 | D:3      | Noticed a black bear
  2932 | D:3      | XOM: potion effect (might)
  2934 | D:3      | Xom revived you
  2934 | D:3      | Slain by a polar bear

Action                   |  1- 3 |  4- 6 || total
-------------------------+-------+-------++-------
Melee: Short sword       |    94 |    68 ||   162
       Mace              |     7 |       ||     7
  Eat: Chunk             |     9 |     7 ||    16
       Bread ration      |     1 |     1 ||     2
